 Dungeon Crawl Stone Soup version 0.17-a0-1011-gfa70bdd (webtiles) character file.

243 onwiheg the Cudgeler (level 6, -2/55 HPs)
             Began as a Gargoyle Berserker on May 13, 2015.
             Was a Priest of Trog.
             Slain by a wasp zombie (5 damage)
             ... on level 3 of the Dungeon.
             The game lasted 00:08:11 (2338 turns).

onwiheg the Cudgeler (Gargoyle Berserker)           Turns: 2338, Time: 00:08:11

Health: -2/55      AC:  9    Str: 28    XL:     6   Next: 9%
Magic:  6/6        EV: 11    Int:  7    God:    Trog [***...]
Gold:   94         SH:  0    Dex:  9    Spells: 0 memorised, 5 levels left

rFire  . . .     SeeInvis +     a - +0 mace
rCold  . . .     Clarity  .     A - +0 leather armour (curse)
rNeg   + . .     SustAb   .     (no shield)
rPois  ∞         Gourm    .     (no helmet)
rElec  +         Spirit   .     (no cloak)
rCorr  .         Warding  .     y - +0 pair of gloves (curse)
rMut   .         Stasis   .     d - +0 pair of boots
MR     .....                    (no amulet)
Stlth  ..........               z - ring of flight
                                v - ring of see invisible

@: berserking, very quick, not resistant to hostile enchantments, extremely
unstealthy
A: negative energy resistance 1, electricity resistance, unbreathing,
petrification resistance, rot immunity, AC +4
a: Burn Spellbooks, Berserk, Trog's Hand, Renounce Religion, Evoke Flight


You were on level 3 of the Dungeon.
You worshipped Trog.
Trog was most pleased with you.
You were not hungry.

You visited 1 branch of the dungeon, and saw 3 of its levels.

You collected 94 gold pieces.

Inventory:

Hand weapons
 a - a +0 mace (weapon)
 o - a +0 whip
Missiles
 C - 31 poisoned needles
Armour
 b - a +0 animal skin
 d - a +0 pair of boots (worn)
 g - a +0 chain mail
 y - a cursed +0 pair of gloves (worn)
 A - a cursed +0 leather armour (worn)
Jewellery
 v - a ring of see invisible (left hand)
 z - a ring of flight (right hand)
Magical devices
 t - a wand of digging (16)
Scrolls
 f - a scroll of blinking {unknown}
 h - 3 scrolls of remove curse {unknown}
 i - 2 scrolls of enchant armour {unknown}
 k - 3 scrolls of identify {unknown}
 l - 4 scrolls of magic mapping {unknown}
 p - 2 scrolls of noise {unknown}
 x - a scroll of recharging {unknown}
 D - 2 scrolls of random uselessness {unknown}
 E - a scroll of enchant weapon {unknown}
 G - a scroll of immolation {unknown}
Potions
 e - a potion of cancellation {unknown}
 j - a potion of lignification {unknown}
 m - a potion of might {unknown}
 n - a potion of resistance {unknown}
 q - a potion of magic {unknown}
 r - a potion of mutation {unknown}
 u - a potion of haste {unknown}
 w - 2 potions of heal wounds {unknown}
Comestibles
 c - 3 bread rations
 B - 2 meat rations
 F - 2 fruits


   Skills:
 - Level 3.2 Fighting
 + Level 6.6 Maces & Flails
 - Level 2.1 Armour
 - Level 1.5 Dodging


You had 5 spell levels left.
You didn't know any spells.

Dungeon Overview and Level Annotations

Branches:
Dungeon (3/15)

Altars:


Innate Abilities, Weirdness & Mutations

You are resistant to torment.
Your stone body is resilient (AC +4).
You are immune to poison.
You resist negative energy.
You are resistant to electric shocks.
You can survive without breathing.
You are immune to petrification.
You are immune to rotting.


Message History

You hit the wasp zombie. The wasp zombie barely misses you.
The wasp zombie hits you but does no damage.
You sock the wasp zombie!
The wasp zombie hits you but does no damage.
You hit the wasp zombie.
The wasp zombie hits you but does no damage.
The wasp zombie hits you!
You closely miss the wasp zombie. The wasp zombie hits you!
* * * LOW HITPOINT WARNING * * *
You are too injured to fight recklessly!
You are too injured to fight recklessly!
Drink which item? (? for menu, Esc to quit)
Okay, then.
Use which ability? (? or * to list)
A red film seems to cover your vision as you go berserk!
You feel yourself moving faster!
You feel mighty!
You feel somewhat more hungry. The wasp zombie hits you.
* * * LOW HITPOINT WARNING * * *
You hit the wasp zombie. The wasp zombie hits you.
You die...

#.#.................#.#
#.#####.........#...#.#
###+### ########........#
#...... ######..##
#...... ##.## #......
#.). ....... #######.##
.......#########.##......
.......Z@........#......#
#......##..#####'#.###..#
#...... #..##......# #...
#...... #..##.....## #.#.
#...... #..##.....# #.#.
#...... #..##.....####...
......# #............###.
#####. #..>.........# #.
# #............# ##


You could see a wasp zombie.

Vanquished Creatures
  Ijyb (D:2)
  Natasha (thrice) (D:2)
  A worker ant (D:2)
  5 adders
  4 gnolls (D:3)
  3 worms
  A giant gecko (D:1)
  3 orcs (D:3)
  4 goblins
  4 hobgoblins
  10 jackals
  2 quokkas (D:2)
  A ball python (D:3)
  7 bats
  2 giant cockroaches
  7 giant newts
  7 kobolds
  7 rats
72 creatures vanquished.

Notes
Turn   | Place    | Note
--------------------------------------------------------------
     0 | D:1      | onwiheg the Gargoyle Berserker began the quest for the Orb.
     0 | D:1      | Reached XP level 1. HP: 14/14 MP: 1/1
   268 | D:1      | Reached XP level 2. HP: 19/19 MP: 2/2
   823 | D:2      | Reached skill level 4 in Maces & Flails
   855 | D:2      | Noticed Ijyb
   872 | D:2      | Killed Ijyb
   872 | D:2      | Reached XP level 3. HP: 21/23 MP: 3/3
   879 | D:2      | Reached XP level 4. HP: 22/28 MP: 4/4
   969 | D:2      | Acquired Trog's second power
  1045 | D:2      | Reached skill level 5 in Maces & Flails
  1357 | D:2      | Noticed Natasha
  1455 | D:2      | Killed Natasha
  1455 | D:2      | Reached XP level 5. HP: 32/32 MP: 5/5
  1541 | D:2      | Noticed Natasha
  1545 | D:2      | Killed Natasha
  1603 | D:2      | Noticed Natasha
  1608 | D:2      | Killed Natasha
  1887 | D:3      | Reached skill level 6 in Maces & Flails
  2191 | D:3      | Reached XP level 6. HP: 35/37 MP: 6/6
  2338 | D:3      | Slain by a wasp zombie

Vault maps used:
D:1:      matt_arrival_diagonals
D:2:      first_bread, minmay_box_of_dots, uniq_natasha, uniq_iyjb
D:3:      uniq_grinder

Action                   |  1- 3 |  4- 6 || total
-------------------------+-------+-------++-------
Melee: Mace              |    72 |   200 ||   272
Invok: Berserk           |     1 |     4 ||     5
  Eat: Chunk             |       |     7 ||     7
       Fruit             |       |     1 ||     1
       Beef jerky        |       |     1 ||     1
